 Dungeon Crawl Stone Soup version 0.25-a0-424-g80bd347ae0 (webtiles) character file.

Game seed: 16217454013705252126, levelgen mode: deterministic

101912 Bikalo the Spry (level 15, -6/70 HPs)
             Began as a Spriggan Venom Mage on Jan 20, 2020.
             Was a High Priest of Vehumet.
             Killed from afar by Asterion (21 damage)
             ... with a bolt of negative energy
             ... on level 2 of the Elven Halls.
             The game lasted 01:43:39 (41281 turns).

Bikalo the Spry (Spriggan Venom Mage)              Turns: 41281, Time: 01:43:40

Health: -6/70      AC:  7    Str:  6    XL:     15   Next: 84%
Magic:  24/34      EV: 47    Int: 21    God:    Vehumet [*****.]
Gold:   2859       SH:  0    Dex: 21    Spells: 11/43 levels left

rFire    . . .     SeeInvis +   I - +0 rapier (elec)
rCold    . . .     Gourm    .   (shield restricted)
rNeg     . . .     Faith    .   N - +1 troll leather armour
rPois    .         Spirit   .   (helmet restricted)
rElec    .         Reflect  .   B - +0 cloak of the Heavens {Dex+2} (curse)
rCorr    .         Harm     .   (gloves unavailable)
MR       +++..                  (boots unavailable)
Stlth    +++.......             m - amulet of the acrobat
HPRegen  0.61/turn              e - ring of protection from magic
MPRegen  0.24/turn              S - ring of wizardry

@: liquid flames, acrobat, glowing, lightly drained, very quick
A: very small, unfitting armour, see invisible, herbivore, speed 3, shaggy fur
1, slow metabolism 2, strong 1, evolution 2
a: Renounce Religion


You were on level 2 of the Elven Halls.
You worshipped Vehumet.
Vehumet was extremely pleased with you.
You were not hungry.

You visited 5 branches of the dungeon, and saw 23 of its levels.
You also visited: Wizlab.

You collected 3539 gold pieces.
You spent 680 gold pieces at shops.

Inventory:

Hand Weapons
 j - a +0 mace of protection
 I - a +0 rapier of electrocution (weapon)
Armour
 f - a scarf of cloud immunity
 B - the cursed +0 cloak of the Heavens (worn) {Dex+2}
   (You found it on level 4 of the Lair of Beasts)

   It affects your dexterity (+2).
   It has a curse placed upon it.
 G - a +2 robe of cold resistance
 N - a +1 troll leather armour (worn)
Jewellery
 e - a ring of protection from magic (left hand)
 k - a +5 ring of evasion
 m - an amulet of the acrobat (around neck)
 n - an uncursed ring of fire
 p - an uncursed amulet of guardian spirit
 C - an uncursed ring of ice
 E - an uncursed ring of fire
 F - an uncursed ring of protection from magic
 H - an uncursed ring of protection from fire
 P - an uncursed ring of stealth
 Q - an uncursed ring of poison resistance
 R - an uncursed amulet of rage
 S - a ring of wizardry (right hand)
Wands
 w - a wand of enslavement (27)
 x - a wand of random effects (49)
 y - a wand of iceblast (13)
 L - a wand of disintegration (13)
Scrolls
 a - 4 scrolls of fog
 g - 10 scrolls of teleportation
 h - 6 scrolls of enchant armour
 l - a scroll of blinking
 o - 7 scrolls of fear
 v - 4 scrolls of immolation
 D - 8 scrolls of remove curse
 J - 2 scrolls of enchant weapon
 K - 2 scrolls of magic mapping
 M - a scroll of brand weapon
 O - 3 scrolls of amnesia
 V - a scroll of summoning {unknown}
Potions
 b - a potion of brilliance
 d - 2 potions of invisibility
 q - a potion of heal wounds
 s - 2 potions of might
 t - 3 potions of haste
 u - 4 potions of lignification
 z - a potion of cancellation
 A - 2 potions of berserk rage
 T - a potion of curing
 U - a potion of experience {unknown}
Comestibles
 c - 9 rations


   Skills:
 - Level 4.0(3.4) Fighting
 - Level 3.0(2.5) Short Blades
 + Level 17.3(16.6) Dodging
 + Level 15.2(14.4) Stealth
 + Level 14.9(14.2) Spellcasting
 - Level 4.0(3.4) Conjurations
 + Level 8.5(7.8) Translocations
 - Level 3.0(2.5) Transmutations
 - Level 6.0(5.4) Fire Magic
 + Level 7.3(6.7) Air Magic
 + Level 6.9(6.3) Earth Magic
 - Level 12.2(11.5) Poison Magic


You had 11 spell levels left.
You knew the following spells:

 Your Spells              Type           Power        Failure   Level  Hunger
a - Sting                 Tmut/Pois      ####         1%          1    None
b - Poisonous Vapours     Pois/Air       ######       1%          2    None
c - Ignite Poison         Fire/Tmut/Pois #####...     1%          3    None
d - Mephitic Cloud        Conj/Pois/Air  #####...     1%          3    None
e - Olgreb's Toxic Radia  Pois           ######..     1%          4    None
f - Gell's Gravitas       Tloc           #####.....   1%          3    None
g - Airstrike             Air            #####.....   1%          4    None
i - Iron Shot             Conj/Erth      #####.....   14%         6    #####..
j - Conjure Ball Lightni  Conj/Air       #####.....   13%         6    #####..

Your spell library contained the following spells:

 Spells                   Type           Power        Failure   Level  Hunger
 Apportation              Tloc           #####.       1%          1    None
 Shroud of Golubria       Chrm/Tloc      ####..       1%          2    None
 Passage of Golubria      Tloc           N/A          1%          4    None
 Animate Skeleton         Necr           N/A          2%          1    None
 Corona                   Hex            ##.....      2%          1    None
 Summon Small Mammal      Summ           ##..         2%          1    None
 Bolt of Magma            Conj/Fire/Erth #####.....   2%          5    ###....
 Petrify                  Tmut/Erth      ####....     4%          4    None
 Confusing Touch          Hex            ##......     9%          3    None
 Iskenderun's Battlesphe  Conj/Chrm      ###.....     10%         5    ###....
 Yara's Violent Unravell  Hex/Tmut       ###.......   12%         5    ###....
 Dispersal                Tloc           #####.....   16%         6    #####..
 Silence                  Hex/Air        ####......   19%         5    ###....
 Cause Fear               Hex            ##........   26%         4    None
 Metabolic Englaciation   Hex/Ice        ##........   56%         5    ###....
 Deflect Missiles         Chrm/Air       ####......   67%         6    #####..
 Orb of Destruction       Conj           ####......   71%         7    ######.
 Spellforged Servitor     Conj/Summ      ###.......   89%         7    ######.
 Controlled Blink         Tloc           N/A          99%         8    #######
 Discord                  Hex            ##........   100%        8    #######


Dungeon Overview and Level Annotations

Branches:
Dungeon (12/15)            Temple (1/1) D:7            Lair (6/6) D:10
 Shoals (0/4) Lair:2        Snake (0/4) Lair:2        Slime (0/5) Lair:6
    Orc (2/2) D:11            Elf (2/3) Orc:2        WizLab (visited)

Altars:
Ashenzari
Cheibriados
Dithmenos
Elyvilon
Fedhas
Gozag
Hepliaklqana
Kikubaaqudgha
Makhleb
Nemelex Xobeh
Okawaru
Qazlal
Ru
Sif Muna
Trog
Vehumet
Wu Jian
Xom
Zin
The Shining One

Shops:
D:8 !   Orc:2 ?:(}

Annotations:
Elf:2 Asterion


Innate Abilities, Weirdness & Mutations

You are very small and have problems with some larger weapons.
You are too small for most types of armour.
You have supernaturally acute eyesight. (SInv)
You are a herbivore.
You cover ground extremely quickly.
You need to consume almost no food.
You are covered in fur. (AC +1)
Your muscles are strong. (Str +2)
You rapidly evolve.


Message History

Asterion seems to burn from within!!!
Asterion is severely wounded.
Asterion utters an invocation to Makhleb.
You open the door.
There is an open door here.
Really walk into that dispersal trap?
You enter a dispersal trap!
Asterion blinks! x2; The cacodemon blinks!
Asterion blinks!
You blink.
Asterion conjures a destructive force in the name of Makhleb!
The sticky flame hits you!
You are covered in liquid flames!
You are covered in liquid flames!
You are covered in liquid flames!
* * * LOW HITPOINT WARNING * * *
There is an open door here.
You are covered in liquid flames!
* * * LOW HITPOINT WARNING * * *
Asterion conjures a destructive force in the name of Makhleb!
The bolt of negative energy hits you!!
You feel drained.
You die...

######### ##### #.......# #####
#...## #.<.....# ###...###
.....## ##.(...## #..)....#
^.....######H)((.#####.......#
......'(...'....§'.§.'...P...#
..)...######'..2######.......#
.....## ##.##.'## ##.......##
#..#######(###)#@#######...##'##
####...##)## ####'#..)########)##
##.....[.### ####.......## ##.#
......[.[..# #..........########'
...........###..........'......'.
.......[...'...._.......########.
...(.......###.........)# ##
...........# #........#'## #
..........(# ###....####.## #


You could see Asterion and a cacodemon.

Vanquished Creatures
  A deep elf sorcerer (Elf:1)
  A deep elf annihilator (Elf:1)
  Snorg (Lair:3)
  Fannar (Lair:3)
  Harold (D:7)
  A catoblepas (Lair:6)
  12 hydras
  Erica (Lair:2)
  4 ogre magi (Orc:2)
  A deep troll shaman (Lair:6)
  13 two-headed ogres
  6 death yaks
  20 dancing weapons
  11 deep elf knights
  Nergalle (Lair:3)
  6 deep elf archers
  Pikel (D:6)
  An ugly thing (D:10)
  38 deep elf magi
  A salamander (shapeshifter) (Elf:1)
  A moth of wrath (D:5)
  Joseph (D:7)
  A centaur zombie (D:10)
  13 elephants
  A torpor snail (Lair:4)
  A black mamba (Lair:5)
  13 spiny frogs
  3 rime drakes
  5 komodo dragons
  A troll (D:11)
  4 polar bears (Lair:6)
  15 blink frogs
  9 hippogriffs
  A wyvern (Lair:5)
  20 yaks
  A vampire (WizLab)
  4 air elementals
  A water elemental (Elf:2)
  4 basilisks
  3 fire elementals
  3 hungry ghosts
  2 steam dragons
  3 wargs (Orc:2)
  4 nagas (Lair:2)
  A soldier ant (D:11)
  10 water moccasins
  6 porcupines
  7 ice beasts
  4 sky beasts
  7 orc warriors
  23 ogres
  5 wolves (Lair:6)
  4 centaurs
  8 crocodiles
  A big kobold (D:7)
  11 bullfrogs
  Blork the orc (D:6)
  An earth elemental (Elf:1)
  3 wyvern zombies
  A wyvern skeleton (D:8)
  2 troll zombies (WizLab)
  4 scorpions
  7 wights
  6 electric eels (D:10)
  2 crimson imps (D:8)
  A bullfrog zombie (D:8)
  A gnoll shaman (D:5)
  10 orc priests
  6 hounds
  A bullfrog skeleton (D:11)
  4 jellies
  3 centaur skeletons
  14 orc wizards
  12 hell rats
  5 iguanas
  4 worker ants
  A killer bee zombie (D:7)
  2 ogre zombies (WizLab)
  12 adders
  11 gnolls
  21 river rats
  2 shadow imps (D:8)
  An ooze (D:2)
  5 worms
  A dart slug (D:3)
  7 leopard geckos
  49 orcs
  8 bats
  5 giant cockroaches
  10 goblins
  7 hobgoblins
  14 jackals
  11 kobolds
  7 quokkas
  3 ball pythons
  5 frilled lizards
  26 rats
  A fungus (Lair:6)
620 creatures vanquished.

Vanquished Creatures (others)
  2 deep elf magi
  An earth elemental (Elf:2)
  17 fungi
  6 plants
26 creatures vanquished.

Grand Total: 646 creatures vanquished

Notes
Turn   | Place    | Note
-------+----------+-------------------------------------------
     0 | D:1      | Bikalo the Spriggan Venom Mage began the quest for the Orb.
     0 | D:1      | Reached XP level 1. HP: 9/9 MP: 5/5
   152 | D:1      | Reached XP level 2. HP: 8/13 MP: 0/6
   386 | D:1      | Found a sparkling altar of Nemelex Xobeh.
  1244 | D:2      | Reached XP level 3. HP: 16/16 MP: 5/8
  1355 | D:2      | Noticed an ice beast
  2093 | D:2      | Killed an ice beast
  2093 | D:2      | Reached skill level 4 in Dodging
  2093 | D:2      | Reached XP level 4. HP: 21/21 MP: 4/10
  2093 | D:2      | Reached XP level 5. HP: 24/24 MP: 4/11
  2097 | D:2      | Learned a level 2 spell: Poisonous Vapours
  2101 | D:2      | Learned a level 3 spell: Ignite Poison
  2643 | D:3      | Learned a level 3 spell: Mephitic Cloud
  3016 | D:3      | Reached XP level 6. HP: 26/28 MP: 0/12
  3019 | D:3      | Reached skill level 1 in Air Magic
  3862 | D:4      | Reached skill level 5 in Dodging
  3862 | D:4      | Reached skill level 1 in Fire Magic
  4016 | D:4      | Reached skill level 1 in Conjurations
  4021 | D:4      | Reached XP level 7. HP: 24/32 MP: 1/14
  4802 | D:4      | Reached skill level 5 in Poison Magic
  4940 | D:5      | Entered Level 5 of the Dungeon
  5658 | D:5      | Reached skill level 6 in Dodging
  5658 | D:5      | Reached skill level 5 in Spellcasting
  5845 | D:5      | Learned a level 4 spell: Olgreb's Toxic Radiance
  5941 | D:5      | Reached skill level 5 in Stealth
  6161 | D:5      | Noticed a moth of wrath
  6164 | D:5      | Found a bloodstained altar of Trog.
  6197 | D:5      | Killed a moth of wrath
  6197 | D:5      | Reached skill level 7 in Dodging
  6197 | D:5      | Reached XP level 8. HP: 36/36 MP: 0/17
  7829 | D:6      | Reached skill level 8 in Dodging
  8091 | D:6      | Noticed Blork the orc
  8102 | D:6      | Killed Blork the orc
  8406 | D:6      | Noticed Pikel
  8444 | D:6      | Killed Pikel
  8444 | D:6      | Reached XP level 9. HP: 11/39 MP: 8/20
  9246 | D:7      | Noticed Joseph
  9254 | D:7      | Killed Joseph
  9254 | D:7      | Reached skill level 9 in Dodging
  9419 | D:7      | Noticed Harold
  9424 | D:7      | Killed Harold
  9424 | D:7      | Reached skill level 10 in Dodging
  9791 | D:7      | Reached skill level 10 in Stealth
  9923 | D:7      | Found a staircase to the Ecumenical Temple.
  9934 | D:7      | Reached XP level 10. HP: 44/44 MP: 0/23
  9939 | Temple   | Entered the Ecumenical Temple
  9993 | Temple   | Became a worshipper of Vehumet
 13029 | D:8      | Found Fowanuith's Distillery.
 13032 | D:8      | Bought a potion of heal wounds for 70 gold pieces
 13316 | D:9      | You fall into a shaft and drop 2 floors!
 13317 | D:11     | Noticed a green ugly thing
 13331 | D:10     | Entered Level 10 of the Dungeon
 13386 | D:10     | Killed a green ugly thing
 13430 | D:10     | Reached * piety under Vehumet
 13430 | D:10     | Offered knowledge of Magic Dart by Vehumet.
 13584 | D:10     | Learned a level 3 spell: Gell's Gravitas
 13628 | D:10     | Reached skill level 11 in Dodging
 13628 | D:10     | Reached skill level 1 in Translocations
 16143 | D:10     | Found a staircase to the Lair.
 16917 | D:11     | Reached skill level 10 in Spellcasting
 16918 | D:11     | Reached XP level 11. HP: 47/47 MP: 13/26
 16927 | D:11     | Reached ** piety under Vehumet
 16931 | D:11     | Offered knowledge of Freeze by Vehumet.
 17648 | D:11     | Found a staircase to the Orcish Mines.
 17670 | D:11     | Offered knowledge of Dazzling Flash by Vehumet.
 18102 | D:11     | Reached skill level 5 in Translocations
 18365 | D:11     | Noticed a centaur warrior
 18468 | Lair:1   | Entered Level 1 of the Lair of Beasts
 18523 | Lair:1   | Reached skill level 12 in Dodging
 18943 | Lair:1   | Reached *** piety under Vehumet
 19597 | Lair:1   | Noticed a seven-headed hydra
 19650 | Lair:1   | Killed a seven-headed hydra
 19685 | Lair:1   | Reached skill level 1 in Short Blades
 19900 | Lair:1   | Offered knowledge of Airstrike by Vehumet.
 19906 | Lair:1   | Learned a level 4 spell: Airstrike
 20192 | Lair:1   | Reached **** piety under Vehumet
 20684 | Lair:2   | Noticed an eight-headed hydra
 20795 | Lair:1   | Killed an eight-headed hydra
 21084 | Lair:1   | Offered knowledge of Fireball by Vehumet.
 21091 | Lair:1   | Learned a level 5 spell: Fireball
 21141 | Lair:2   | Found a staircase to the Snake Pit.
 21146 | Lair:2   | Noticed Erica
 21484 | Lair:2   | Noticed a four-headed hydra
 21824 | Lair:2   | Killed Erica
 21824 | Lair:2   | Reached XP level 12. HP: 52/52 MP: 11/28
 22162 | Lair:2   | Found a staircase to the Shoals.
 22165 | Lair:2   | Noticed a five-headed hydra
 22215 | Lair:2   | Reached skill level 1 in Fighting
 22224 | Lair:2   | Killed a five-headed hydra
 22283 | Lair:2   | Killed a four-headed hydra
 22283 | Lair:2   | Reached skill level 13 in Dodging
 22283 | Lair:2   | Reached skill level 10 in Poison Magic
 22859 | Lair:3   | Noticed a four-headed hydra
 22887 | Lair:2   | Killed a four-headed hydra
 23448 | Lair:3   | Noticed Fannar
 23456 | Lair:3   | Killed Fannar
 23482 | Lair:3   | Gained mutation: You are frail. (-10% HP) [potion of
                  | mutation]
 23482 | Lair:3   | Gained mutation: You are covered in fur. (AC +1) [potion of
                  | mutation]
 23482 | Lair:3   | Gained mutation: You evolve. [potion of mutation]
 23506 | Lair:3   | Lost mutation: You are frail. (-10% HP) [evolution]
 23747 | Lair:3   | Noticed Nergalle
 23760 | Lair:3   | Killed Nergalle
 24092 | Lair:3   | Found a glowing golden altar of the Shining One.
 24557 | Lair:3   | Noticed Snorg
 24578 | Lair:3   | Killed Snorg
 24694 | Lair:4   | Noticed a six-headed hydra
 24699 | Lair:4   | Killed a six-headed hydra
 24892 | Lair:4   | Reached skill level 5 in Fire Magic
 25132 | Lair:4   | Noticed a four-headed hydra
 25143 | Lair:4   | Killed a four-headed hydra
 25303 | Lair:4   | Noticed a seven-headed hydra
 25307 | Lair:4   | Reached XP level 13. HP: 61/61 MP: 26/29
 25354 | Lair:4   | Gained mutation: You rapidly evolve. [evolution]
 25364 | Lair:4   | Reached ***** piety under Vehumet
 25751 | Lair:4   | Got a polished cloak
 25762 | Lair:4   | Identified the cursed +0 cloak of the Heavens {Dex+2} (You
                  | found it on level 4 of the Lair of Beasts)
 25867 | Lair:4   | Offered knowledge of Freezing Cloud by Vehumet.
 26951 | Lair:5   | Reached skill level 14 in Dodging
 27629 | Lair:5   | You fall into a shaft and drop 1 floor!
 27629 | Lair:6   | Entered Level 6 of the Lair of Beasts
 28477 | Lair:6   | Found a staircase to the Slime Pits.
 28827 | Lair:6   | Reached skill level 5 in Air Magic
 29190 | Lair:6   | Gained mutation: Your muscles are strong. (Str +2)
                  | [evolution]
 29363 | Lair:6   | Reached skill level 15 in Dodging
 29400 | Lair:6   | Reached XP level 14. HP: 65/66 MP: 13/31
 30687 | Orc:1    | Entered Level 1 of the Orcish Mines
 30748 | Orc:2    | Entered Level 2 of the Orcish Mines
 31299 | Orc:2    | Found a staircase to the Elven Halls.
 31784 | Orc:2    | Offered knowledge of Sticky Flame by Vehumet.
 32332 | Orc:2    | Reached skill level 16 in Dodging
 32649 | Orc:2    | Found Tikosaul's Weapon Shoppe.
 32650 | Orc:2    | Found Seippamue's Magic Scroll Shop.
 32650 | Orc:2    | Found Hine's Book Shoppe.
 32650 | Orc:2    | Found Wetwour's Gadget Boutique.
 32657 | Orc:2    | Bought a scroll of amnesia for 38 gold pieces
 32657 | Orc:2    | Bought a scroll of acquirement for 572 gold pieces
 32669 | Orc:2    | Learned a level 6 spell: Iron Shot
 33401 | Elf:1    | Entered Level 1 of the Elven Halls
 33406 | Elf:1    | Reached skill level 1 in Earth Magic
 33905 | Elf:1    | Found a magical portal.
 34289 | WizLab   | Noticed an ancient champion
 35446 | Elf:1    | Noticed a deep elf sorcerer
 35452 | Elf:1    | Killed a deep elf sorcerer
 35523 | Elf:1    | Reached XP level 15. HP: 70/70 MP: 23/34
 36915 | Elf:1    | Found an ancient bone altar of Kikubaaqudgha.
 37162 | Elf:2    | Reached skill level 5 in Earth Magic
 37204 | Elf:2    | Found a radiant altar of Vehumet.
 38036 | Elf:2    | Identified the Guide on the Compass
 38088 | Elf:2    | Reached skill level 17 in Dodging
 38508 | Elf:2    | Found a runed translucent gate.
 38509 | Elf:2    | Found a runed translucent gate.
 38510 | Elf:2    | Found a runed translucent gate.
 39433 | Elf:1    | Offered knowledge of Conjure Ball Lightning by Vehumet.
 39626 | Elf:1    | Learned a level 6 spell: Conjure Ball Lightning
 40063 | Elf:2    | Reached skill level 15 in Stealth
 41039 | Elf:2    | Noticed Asterion
 41073 | Elf:2    | Noticed a deep elf blademaster
 41281 | Elf:2    | Killed from afar by Asterion

Levels and vault maps discovered:
D:1:      wander_arrival_chamber, layout_loops_ring, minmay_misc_feat_x,
          nemelex_xobeh_ov_fountains_minmay
D:2:      layout_basic
D:3:      layout_loops_ring
D:4:      layout_gridville, gup_sewer_entry_bowl
D:5:      lemuel_upstairs_altar, layout_loops_ring, tgw_trog, first_ration
D:6:      layout_basic, uniq_pikel, uniq_blork_the_orc
D:7:      layout_rooms, minmay_temple_entry_antechambers, enter_bailey_3,
          uniq_harold, uniq_joseph
D:8:      layout_gridville, serial_shops, nicolae_shop_behind_doors
D:9:      layout_roguey
D:10:     layout_basic, grunt_lair_entry_orc_guard_hut
D:11:     minmay_cornered_nines, layout_cave_pools, hiddenorc2_lemuel,
          gauntlet_entry_generic
D:12:     layout_rooms
Temple:   compressed_dpeg_circular_temple
Lair:1:   lemuel_ratsnest, layout_chaotic_city, beast_lair_carwin_11
Lair:2:   layout_misc_corridors, shoals_dummy_entry,
          minmay_snake_entry_guardpost_small, uniq_erica
Lair:3:   layout_cave_pods, basic_altar, kennysheep_rathole, grunt_megastairs_3,
          uniq_fannar, uniq_nergalle, uniq_snorg
Lair:4:   layout_roguey
Lair:5:   layout_hall_layers, chequers_serial_rivers_large_b,
          grunt_megastairs_2, serial_bayou_shore_a, infiniplex_staircase_pool_2
Lair:6:   grunt_lair_end_beastmaster, layout_gridlike, slime_dummy,
          portal_ice_cave_entry_pillars_2, serial_bayou_shore_b
Orc:1:    layout_diamond_mine, basic_altar
Orc:2:    st_orc_ogre_mass, layout_caves
Elf:1:    elf_arrival_002, layout_loops_corners, infiniplex_enter_wizlab_water,
          hangedman_elf_represent, lemuel_statue_altar
Elf:2:    layout_geoelf_octagon, basic_altar, uniq_asterion

Skill      XL: |  1  2  3  4  5  6  7  8  9 10 11 12 13 14 15 |
---------------+----------------------------------------------+-----
Spellcasting   | 3 4 5 7 8 10 11 12 14 | 14.9
Dodging        | 4 5 7 8 10 11 12 13 15 16 17 | 17.3
Stealth        | 4 6 8 10 11 13 15 | 15.2
Poison Magic   | 4 5 6 7 9 10 11 12 | 12.2
Transmutations | 2 3 |  3.0
Air Magic      | 1 2 3 5 7 |  7.3
Fire Magic     | 1 2 5 6 |  6.0
Conjurations   | 1 2 4 |  4.0
Translocations | 4 7 8 |  8.5
Short Blades   | 2 3 |  3.0
Fighting       | 4 |  4.0
Earth Magic    | 4 6 |  6.9

Action                   |  1- 3 |  4- 6 |  7- 9 | 10-12 | 13-15 || total
-------------------------+-------+-------+-------+-------+-------++-------
Melee: Unarmed           |    12 |       |       |       |       ||    12
       Mace              |     8 |    45 |       |       |       ||    53
       Short sword       |       |    32 |   112 |   111 |       ||   255
       Rapier            |       |       |       |   126 |   150 ||   276
 Cast: Sting             |    53 |    79 |    91 |   519 |   302 ||  1044
       Poisonous Vapours |       |    10 |    79 |   260 |   451 ||   800
       Ignite Poison     |       |     4 |     6 |    34 |    33 ||    77
       Mephitic Cloud    |       |     1 |     4 |    21 |     8 ||    34
       Olgreb's Toxic Ra |       |       |     4 |    19 |    34 ||    57
       Gell's Gravitas   |       |       |       |     3 |     7 ||    10
       Airstrike         |       |       |       |    26 |   119 ||   145
       Fireball          |       |       |       |     7 |    10 ||    17
  Use: Potion            |     1 |       |     2 |    11 |     3 ||    17
       Scroll            |       |       |       |    14 |     4 ||    18
 Stab: Sleeping          |     1 |       |     1 |       |       ||     2
       Distracted        |       |     1 |       |       |     1 ||     2
       Confused          |       |       |     1 |       |       ||     1
  Eat: Ration            |       |     1 |     4 |    11 |     9 ||    25
Armor: Robe              |     2 |    11 |     3 |    12 |       ||    28
       Troll leather arm |       |       |       |    21 |    38 ||    59
Dodge: Dodged            |    38 |   110 |   195 |   699 |   674 ||  1716

Table legend:
 A = Non-vault XP
 B = Vault XP
 C = Vault XP percentage of total XP
 D = Non-vault monster count
 E = Vault monster count
 F = Vault count percentage of total count
                 A         B        C        D         E       F
            +---------+---------+-------+---------+---------+-------
      Total |   85079 |   60510 |  41.6 |     413 |     209 |  33.6
            +---------+---------+-------+---------+---------+-------
        D:1 |      24 |       0 |   0.0 |      15 |       0 |   0.0
        D:2 |     206 |       0 |   0.0 |      19 |       0 |   0.0
        D:3 |     178 |       0 |   0.0 |      23 |       0 |   0.0
        D:4 |     498 |      17 |   3.3 |      20 |       4 |  16.7
        D:5 |     521 |     521 |  50.0 |      24 |       6 |  20.0
        D:6 |     739 |     726 |  49.6 |      17 |       2 |  10.5
        D:7 |     689 |    1466 |  68.0 |      20 |       6 |  23.1
        D:8 |    1140 |       0 |   0.0 |      29 |       0 |   0.0
        D:9 |     122 |       0 |   0.0 |       1 |       0 |   0.0
       D:10 |    3053 |     781 |  20.4 |      28 |       6 |  17.6
       D:11 |    2737 |     351 |  11.4 |      19 |      31 |  62.0
     Lair:1 |    4800 |    2316 |  32.5 |      15 |      47 |  75.8
     Lair:2 |    4638 |    1550 |  25.0 |       9 |       5 |  35.7
     Lair:3 |    3027 |    3216 |  51.5 |      13 |      14 |  51.9
     Lair:4 |   11778 |       0 |   0.0 |      29 |       0 |   0.0
     Lair:5 |    5396 |     326 |   5.7 |      19 |       2 |   9.5
     Lair:6 |    8103 |    9601 |  54.2 |      24 |      19 |  44.2
      Orc:1 |     116 |     894 |  88.5 |       1 |       1 |  50.0
      Orc:2 |    2983 |   15249 |  83.6 |      21 |      34 |  61.8
      Elf:1 |   15185 |    9200 |  37.7 |      26 |      13 |  33.3
      Elf:2 |   18513 |   14296 |  43.6 |      32 |      19 |  37.3
     WizLab |     633 |       0 |   0.0 |       9 |       0 |   0.0
            +---------+---------+-------+---------+---------+-------
